 Dungeon Crawl Stone Soup version 0.28.0-53-g5a82cb258f (console) character file.

Game seed: 18050617730447112629

5 DuloT34 the Ducker (level 1, -1/18 HPs)
             Began as a Ghoul Gladiator on June 6, 2022.
             Slain by a jackal (3 damage)
             ... on level 1 of the Dungeon.
             The game lasted 00:01:05 (62 turns).

DuloT34 the Ducker (Ghoul Gladiator)                  Turns: 62, Time: 00:01:05

Health: -1/18      AC:  4    Str: 17    XL:     1   Next: 80%
Magic:  0/0        EV: 12    Int:  3    God:
Gold:   8          SH:  0    Dex: 10    Spells: 0/0 levels left

rFire   . . .      SeeInvis .   a - +0 flail
rCold   + . .      Faith    .   (no shield)
rNeg    + + +      Spirit   .   b - +0 leather armour
rPois   ∞          Reflect  .   c - +0 helmet
rElec   .          Harm     .   (no cloak)
rCorr   .          Rampage  .   (no gloves)
Will    .....                   (no boots)
Stlth   +.........              (no amulet)
HPRegen 0.00/turn               (no ring)
MPRegen 0.07/turn               (no ring)

@: inhibited regen
A: claws 1, cold resistance 1, negative energy resistance 3, inhibited
regeneration, torment resistance 2
a: no special abilities


You were on level 1 of the Dungeon.
You visited 1 branch of the dungeon, and saw 1 of its levels.

You collected 8 gold pieces.

Inventory:

Hand Weapons
 a - a +0 flail (weapon)
Missiles
 d - 3 throwing nets (quivered)
Armour
 b - a +0 leather armour (worn)
 c - a +0 helmet (worn)


   Skills:
 + Level 2.4 Fighting
 + Level 2.8 Maces & Flails
 - Level 1.7 Throwing
 + Level 2.8 Dodging


You couldn't memorise any spells.
You didn't know any spells.
Your spell library was empty.

Dungeon Overview and Level Annotations

Branches:
Dungeon (1/15)

Altars:


Innate Abilities, Weirdness & Mutations

You thrive by killing the living.
You are immune to poison.
You have sharp fingernails.
Your flesh is cold resistant. (rC+)
You are immune to negative energy. (rN+++)
You do not regenerate when monsters are visible.
You are immune to unholy pain and torment.


Message History

You are too injured to fight recklessly!
You are too injured to fight recklessly!
You are too injured to fight recklessly!
You hit the jackal.
You kill the jackal!
The jackal bites you.
* * * LOW HITPOINT WARNING * * *
The quokka bites you but does no damage.
The jackal bites you but does no damage.
The quokka bites you.
* * * LOW HITPOINT WARNING * * *
The jackal bites you but does no damage.
Things that are here:
a jackal corpse; a jackal corpse You closely miss the quokka.
The quokka is moderately wounded.
The quokka bites you but does no damage.
The jackal barely misses you. The quokka bites you.
* * * LOW HITPOINT WARNING * * *
You hit the quokka.
The quokka is almost dead.
The jackal closely misses you. The quokka misses you.
The jackal barely misses you.
You aren't carrying any potions.
You barely miss the quokka.
The quokka is almost dead.
The jackal completely misses you. The quokka closely misses you.
The jackal barely misses you. The quokka misses you.
You miss the quokka.
The quokka is almost dead.
The jackal barely misses you. The quokka misses you. The jackal bites you.
* * * LOW HITPOINT WARNING * * *
You hit the quokka.
You kill the quokka!
The jackal bites you but does no damage. x2
You closely miss the jackal. The jackal closely misses you.
You closely miss the jackal. The jackal barely misses you.
The jackal misses you.
You closely miss the jackal. The jackal bites you.
You die...

#..# #..# #..# #
#..#
####.####..#
#..........#
#.h...r....#
......###h†##...
.h... #.@#...#
.... #..#..)#
#.. #..#...# ##
#..#...# #..#..#
#. #..#..# ...#
#.....#
##.####..#..#
#....##..#..#


You could see a jackal.

Vanquished Creatures
  3 jackals (D:1)
  A quokka (D:1)
4 creatures vanquished.

Notes
Turn   | Place    | Note
-------+----------+-------------------------------------------
     0 | D:1      | DuloT34 the Ghoul Gladiator began the quest for the Orb.
     0 | D:1      | Reached XP level 1. HP: 17/17 MP: 0/0
    62 | D:1      | Slain by a jackal

Illustrated notes

Levels and vault maps discovered:
D:1:      dpeg_arrival_boxes_within_box, layout_rooms,
          hangedman_decor_diamond_cutter

Action                   || total
-------------------------++-------
Melee: Flail             ||    21
  Use: Scroll            ||     1
Armor: Leather armour    ||    17
Dodge: Dodged            ||    38
